 Dungeon Crawl Stone Soup version 0.23.0 (webtiles) character file.

Game seed: 17956504642372819134

282 LostNumber the Cutter (level 6, -2/33 HPs)
             Began as a Vine Stalker Berserker on Feb 9, 2019.
             Was a Priest of Trog.
             Slain by a phantom (4 damage)
             ... on level 4 of the Dungeon.
             The game lasted 00:08:24 (2621 turns).

LostNumber the Cutter (Vine Stalker Berserker)      Turns: 2621, Time: 00:08:24

Health: -2/33      AC:  7    Str: 20    XL:     6   Next: 28%
Magic:  0/7        EV: 11    Int:  7    God:    Trog [***...]
Gold:   161        SH:  0    Dex: 15    Spells: 5/5 levels left

rFire    . . .     SeeInvis .   p - +4 dagger
rCold    + . .     Gourm    .   (no shield)
rNeg     . . .     Faith    .   m - +0 ring mail
rPois    .         Spirit   +   c - +2 hat
rElec    .         Reflect  .   (no cloak)
rCorr    .         Harm     .   (no gloves)
MR       .....                  (no boots)
Stlth    +.........             (no amulet)
HPRegen  0.51/turn              o - ring of protection from cold
MPRegen  0.10/turn              (no ring)

@: no status effects
A: fangs 2, regeneration 1, magic shield, antimagic bite, no potion heal 3, rot
immunity
a: Berserk, Trog's Hand, Renounce Religion


You were on level 4 of the Dungeon.
You worshipped Trog.
Trog was most pleased with you.
You were not hungry.

You visited 1 branch of the dungeon, and saw 4 of its levels.

You collected 161 gold pieces.

Inventory:

Hand Weapons
 a - a +0 short sword
 p - a +4 dagger (weapon)
   (You took it off an orc on level 3 of the Dungeon)
Armour
 b - a +0 animal skin
 c - a +2 hat (worn)
   (You found it on level 1 of the Dungeon)
 m - a +0 ring mail (worn)
   (You found it on level 2 of the Dungeon)
Jewellery
 o - a ring of protection from cold (left hand)
   (You found it on level 2 of the Dungeon)
Scrolls
 f - a scroll of teleportation {unknown}
 g - a scroll of random uselessness {unknown}
 h - 2 scrolls of identify {unknown}
 i - 2 scrolls of remove curse {unknown}
 j - a scroll of enchant weapon {unknown}
 l - a scroll of amnesia {unknown}
Potions
 k - a potion of heal wounds {unknown}
Comestibles
 d - a chunk of flesh
 e - 7 rations {!d}


   Skills:
 + Level 4.1 Fighting
 * Level 5.3 Short Blades
 - Level 1.5 Armour
 - Level 1.5 Dodging


You had 5 spell levels left.
You didn't know any spells.
Your spell library was empty.

Dungeon Overview and Level Annotations

Branches:
Dungeon (4/15)
 Temple: D:4-7

Altars:
Kikubaaqudgha
Xom


Innate Abilities, Weirdness & Mutations

You have extremely sharp teeth.
Your natural rate of healing is unusually fast.
When hurt, damage is shared between your health and your magic reserves.
Your bite disrupts and absorbs the magic of your enemies.
Potions cannot restore your health.
You are immune to rotting.


Message History

You kill the hound!
Trog accepts your kill.
You completely miss the orc. You bite the orc. You drain its power.
You feel invigorated. The orc hits you with a +0 flail.
You hit the orc.
You kill the orc!
Trog accepts your kill.
No target in view!
Things that are here:
a +0 flail; a +0 ring mail You start resting.
Things that are here:
a +0 dagger; a +0 ring mail
There is a stone staircase leading down, spattered with blood here.
You climb downwards.
The ogre misses you.
The phantom hits you but does no damage.
The gnoll throws a throwing net.
The throwing net hits you.
You become entangled in the net!
The gnoll barely misses you.
There is a stone staircase leading up here.
You see here a throwing net {!f}.
Unknown command.
You struggle against the net.
The ogre barely misses you.
The phantom hits you but does no damage.
The gnoll barely misses you.
You struggle against the net.
The phantom hits you.
The phantom blinks!
The ogre hits you with a cursed -2 giant spiked club!!
Ouch! That really hurt!
* * * LOW HITPOINT WARNING * * *
The gnoll hits you from afar with a cursed -2 spear.
* * * LOW HITPOINT WARNING * * *
The gnoll hits you but does no damage.
You struggle against the net.
The gnoll hits you from afar with a cursed -2 spear.
* * * LOW HITPOINT WARNING * * *
The gnoll barely misses you. The ogre barely misses you.
You struggle against the net.
The gnoll closely misses you. The gnoll hits you but does no damage.
The gnoll hits you with a +0 club.
* * * LOW HITPOINT WARNING * * *
Okay, then.
You rip the net and break free!
The gnoll hits you with a +0 whip.
* * * LOW HITPOINT WARNING * * *
The ogre closely misses you.
The gnoll hits you but does no damage. x2
Unknown command.
It was a potion of curing.
That felt strangely inert.
The gnoll hits you but does no damage.
The gnoll hits you from afar with a cursed -2 spear.
* * * LOW HITPOINT WARNING * * *
The ogre closely misses you. The gnoll hits you but does no damage.
The phantom hits you.
You die...

g... ..#.#
.#.##.#.#
...#.#.###
........#
....... ..... #
#.#g# ...
#g#g#.....
#.@.......
#O#W#..... #..
#.#... ... ..#
....#... . W.#
#....#...). ..#
...?.. ..## ..#
####.####.# ..#
##...####..#.#.#
........O.......


You could see a phantom, an ogre and 3 gnolls.

Vanquished Creatures
  A hound (D:3)
  A bullfrog skeleton (D:4)
  Jessica (D:3)
  A worker ant (D:3)
  6 adders
  4 gnolls (D:2)
  2 worms
  2 leopard geckos (D:3)
  8 orcs
  7 bats
  7 giant cockroaches
  4 goblins
  7 hobgoblins
  6 jackals (D:3)
  5 frilled lizards
  4 kobolds
  7 rats
73 creatures vanquished.

Notes
Turn   | Place    | Note
-------+----------+-------------------------------------------
     0 | D:1      | LostNumber the Vine Stalker Berserker began the quest for
                  | the Orb.
     0 | D:1      | Reached XP level 1. HP: 11/11 MP: 2/2
   102 | D:1      | Reached skill level 3 in Short Blades
   162 | D:1      | Reached XP level 2. HP: 11/16 MP: 3/3
   478 | D:1      | Reached ** piety under Trog
   499 | D:1      | Reached XP level 3. HP: 18/20 MP: 4/4
  1145 | D:2      | Gained mutation: Your natural rate of healing is unusually
                  | fast. [Vine Stalker growth]
  1145 | D:2      | Reached XP level 4. HP: 17/24 MP: 2/5
  1147 | D:2      | Reached skill level 4 in Short Blades
  1239 | D:2      | Found a shimmering altar of Xom.
  1787 | D:2      | Reached XP level 5. HP: 28/28 MP: 6/6
  2004 | D:3      | Found an ancient bone altar of Kikubaaqudgha.
  2284 | D:3      | Noticed Jessica
  2308 | D:3      | Killed Jessica
  2430 | D:4      | Noticed an ogre
  2431 | D:4      | Noticed a phantom
  2470 | D:4      | Reached *** piety under Trog
  2470 | D:4      | Reached skill level 5 in Short Blades
  2483 | D:3      | Reached XP level 6. HP: 20/33 MP: 5/7
  2621 | D:4      | Slain by a phantom

Skill      XL: |  1  2  3  4  5 |
---------------+----------------+-----
Short Blades   | 3 4 5 |  5.3
Fighting       | 3 4 |  4.1
Armour         | |  1.5
Dodging        | |  1.5

Action                   |  1- 3 |  4- 6 || total
-------------------------+-------+-------++-------
Melee: Short sword       |    75 |    86 ||   161
       Bite              |    25 |    48 ||    73
       Dagger            |       |    61 ||    61
Invok: Berserk           |     1 |       ||     1
  Use: Potion            |       |     1 ||     1
 Stab: Sleeping          |     1 |     1 ||     2
  Eat: Chunk             |       |     6 ||     6
Armor: Animal skin       |    32 |     4 ||    36
       Ring mail         |       |    58 ||    58
Dodge: Dodged            |    46 |   105 ||   151
